 Dungeon Crawl Stone Soup version 0.23-a0-321-g6bcb69f (webtiles) character file.

44 wazuzu the Chopper (level 3, 24/25 HPs)
             Began as a Gnoll Wanderer on Oct 15, 2018.
             Quit the game on level 2 of the Dungeon.
             The game lasted 00:02:18 (1225 turns).

wazuzu the Chopper (Gnoll Wanderer)                 Turns: 1225, Time: 00:02:19

Health: 24/25      AC:  6    Str: 16    XL:     3   Next: 60%
Magic:  4/4        EV: 12    Int: 13    God:
Gold:   67         SH:  0    Dex: 14    Spells: 3/3 levels left

rFire    . . .     SeeInvis .   a - +2 dagger
rCold    . . .     Gourm    .   (no shield)
rNeg     . . .     Faith    .   c - +0 ring mail
rPois    .         Spirit   .   (no helmet)
rElec    .         Reflect  .   (no cloak)
rCorr    .         Harm     .   (no gloves)
MR       .....                  (no boots)
Stlth    +++.......             (no amulet)
HPRegen  0.08/turn              (no ring)
MPRegen  0.09/turn              (no ring)

@: no status effects
A: distributed training, fangs 1, strong nose
a: no special abilities


You were on level 2 of the Dungeon.
You were very hungry.

You visited 1 branch of the dungeon, and saw 2 of its levels.

You collected 67 gold pieces.

Inventory:

Hand Weapons
 a - a +2 dagger (weapon)
Missiles
 e - 28 stones (quivered)
Armour
 c - a +0 ring mail (worn)
Scrolls
 g - a scroll of noise {unknown}
 j - 2 scrolls of identify
Potions
 b - a potion of heal wounds
 d - 2 potions of curing
 h - a potion of magic
 k - a potion of might
Comestibles
 f - 3 rations


   Skills:
 + Level 0.8 Fighting
 + Level 0.8 Short Blades
 + Level 2.6 Long Blades
 + Level 6.5 Axes
 + Level 0.8 Maces & Flails
 + Level 0.8 Polearms
 + Level 0.8 Staves
 + Level 0.8 Slings
 + Level 0.8 Bows
 + Level 0.8 Crossbows
 + Level 0.8 Throwing
 + Level 4.5 Armour
 + Level 2.6 Dodging
 + Level 6.0 Stealth
 + Level 0.8 Shields
 + Level 0.8 Unarmed Combat
 + Level 0.8 Spellcasting
 + Level 0.5 Conjurations
 + Level 0.5 Hexes
 + Level 0.5 Charms
 + Level 0.5 Summonings
 + Level 0.5 Necromancy
 + Level 0.5 Translocations
 + Level 0.5 Transmutations
 + Level 0.5 Fire Magic
 + Level 0.5 Ice Magic
 + Level 0.5 Air Magic
 + Level 0.5 Earth Magic
 + Level 0.5 Poison Magic
 + Level 1.0 Invocations
 + Level 0.8 Evocations


You had 3 spell levels left.
You didn't know any spells.
Your spell library was empty.

Dungeon Overview and Level Annotations

Branches:
Dungeon (2/15)

Altars:


Innate Abilities, Weirdness & Mutations

Your experience applies equally to all skills.
You have very sharp teeth.
Your uncanny sense of smell can sniff out nearby items.


Message History

A jackal comes into view.
The jackal moves out of view.
Found a scroll labeled ENWUTU TOSI.
A jackal comes into view.
You see here a scroll labeled ENWUTU TOSI.
A jackal is nearby!
A jackal is nearby!
Found 14 gold pieces.
You see here a scroll labeled ENWUTU TOSI.
The jackal barks! x2
The jackal bites you but does no damage.
The jackal bites you.
You hit the jackal.
The jackal is heavily wounded.
You barely miss the jackal.
The jackal bites you but does no damage.
You hit the jackal. You bite the jackal, but do no damage.
The jackal is heavily wounded.
The jackal barely misses you.
Are you sure you want to abandon this character and quit the game? (Confirm

..# ..# ### ..#
..########### .<#
#...........# ..######
#..##........
.......######..##.....#
............?.hh@.....#
.......######..##.?...#
..#.#### #..##.....#
..#.# #.....$...# ..#.#
#.#......## ..#.#
#.#.####.# ..#.# #.#.#
..# ..... #.... ..#
.#### ###.# .##


You could see 2 jackals.

Vanquished Creatures
  2 adders (D:2)
  A leopard gecko (D:1)
  A giant cockroach (D:1)
  A goblin (D:1)
  2 hobgoblins (D:1)
  7 jackals
  A bat (D:1)
  4 frilled lizards
  3 kobolds (D:1)
  2 rats
24 creatures vanquished.

Notes
Turn   | Place    | Note
-------+----------+-------------------------------------------
     0 | D:1      | wazuzu the Gnoll Wanderer began the quest for the Orb.
     0 | D:1      | wazuzu set off with: a +2 dagger, a potion of heal wounds,
                  | a +0 ring mail, a potion of curing, a ration
     0 | D:1      | Reached XP level 1. HP: 13/13 MP: 1/1
   295 | D:1      | Reached XP level 2. HP: 8/19 MP: 2/2
   934 | D:2      | Reached XP level 3. HP: 20/25 MP: 3/3
   959 | D:2      | Reached skill level 1 in Invocations
  1225 | D:2      | Quit the game

Vault maps used:
D:1:      dpeg_arrival_rhombi
D:2:      grunt_decor_one_mirror, kennysheep_small_spiral

Skill      XL: |  1  2  3 |
---------------+----------+-----
Stealth        | 6 |  6.0
Invocations    | 1 |  1.0
Fighting       | |  0.8
Short Blades   | |  0.8
Long Blades    | |  2.6
Axes           | |  6.5
Maces & Flails | |  0.8
Polearms       | |  0.8
Staves         | |  0.8
Slings         | |  0.8
Bows           | |  0.8
Crossbows      | |  0.8
Throwing       | |  0.8
Armour         | |  4.5
Dodging        | |  2.6
Shields        | |  0.8
Unarmed Combat | |  0.8
Spellcasting   | |  0.8
Conjurations   | |  0.5
Hexes          | |  0.5
Charms         | |  0.5
Summonings     | |  0.5
Necromancy     | |  0.5
Translocations | |  0.5
Transmutations | |  0.5
Fire Magic     | |  0.5
Ice Magic      | |  0.5
Air Magic      | |  0.5
Earth Magic    | |  0.5
Poison Magic   | |  0.5
Evocations     | |  0.8

Action                   || total
-------------------------++-------
Melee: Dagger            ||   120
       Bite              ||    14
  Use: Scroll            ||     4
 Stab: Sleeping          ||     1
Armor: Ring mail         ||    49
Dodge: Dodged            ||    64

Table legend:
 A = Non-vault XP
 B = Vault XP
 C = Vault XP percentage of total XP
 D = Non-vault monster count
 E = Vault monster count
 F = Vault count percentage of total count
                 A         B        C        D         E       F
            +---------+---------+-------+---------+---------+-------
      Total |      63 |       0 |   0.0 |      24 |       0 |   0.0
            +---------+---------+-------+---------+---------+-------
        D:1 |      28 |       0 |   0.0 |      16 |       0 |   0.0
        D:2 |      35 |       0 |   0.0 |       8 |       0 |   0.0
            +---------+---------+-------+---------+---------+-------
